 Seeded DCSS version 0.25-a0-435-g4b9beb1 (webtiles) character file.

Game seed: 4685463770755312842, levelgen mode: deterministic

26 DrEnzyme the Chiller (level 3, 20/20 HPs)
             Began as a Gargoyle Ice Elementalist on Jan 21, 2020.
             Quit the game on level 1 of the Dungeon on Jan 29, 2020.
             The game lasted 00:07:40 (1265 turns).

DrEnzyme the Chiller (Gargoyle Ice Elementalist)    Turns: 1265, Time: 00:07:41

Health: 20/20      AC:  5    Str: 12    XL:     3   Next: 8%
Magic:  6/6        EV: 12    Int: 15    God:
Gold:   19         SH:  0    Dex: 10    Spells: 5/6 levels left

rFire    . . .     SeeInvis .   b - +0 hunting sling
rCold    . . .     Gourm    .   (no shield)
rNeg     + . .     Faith    .   g - +0 robe
rPois    ∞         Spirit   .   (no helmet)
rElec    +         Reflect  .   (no cloak)
rCorr    .         Harm     .   (no gloves)
MR       .....                  (no boots)
Stlth    ++........             (no amulet)
HPRegen  0.06/turn              (no ring)
MPRegen  0.10/turn              (no ring)

@: no status effects
A: negative energy resistance 1, electricity resistance, unbreathing,
petrification resistance, rot immunity, AC +3
a: no special abilities


You were on level 1 of the Dungeon.
You were not hungry.

You visited 1 branch of the dungeon, and saw 1 of its levels.

You collected 19 gold pieces.

Inventory:

Hand Weapons
 a - a +0 dagger of venom
 b - a +0 hunting sling (weapon)
Missiles
 c - 53 stones
 i - 9 sling bullets (quivered)
Armour
 g - a +0 robe (worn)
Scrolls
 j - 3 scrolls of identify {unknown}
 k - a scroll of immolation {unknown}
 m - a scroll of fog {unknown}
Potions
 d - a potion of mutation {unknown}
 e - a potion of curing {unknown}
 h - a potion of might {unknown}
 l - a potion of haste {unknown}
 n - a potion of cancellation {unknown}
 o - 2 potions of degeneration {unknown}
Comestibles
 f - 2 rations
 p - a chunk of flesh


   Skills:
 * Level 0.6 Fighting
 + Level 0.6 Slings
 * Level 1.0 Armour
 - Level 1.5 Dodging
 * Level 2.5 Stealth
 + Level 2.1 Spellcasting
 - Level 4.2 Ice Magic


You had 5 spell levels left.
You knew the following spells:

 Your Spells              Type           Power        Failure   Level  Hunger
a - Freeze                Ice            ##..         3%          1    #......

Your spell library contained the following spells:

 Spells                   Type           Power        Failure   Level  Hunger
 Ozocubu's Armour         Chrm/Ice       #.......     28%         3    ###....
 Hailstorm                Conj/Ice       #.......     67%         4    #####..
 Summon Ice Beast         Ice/Summ       #.......     67%         4    #####..


Dungeon Overview and Level Annotations

Branches:
Dungeon (1/15)

Altars:


Innate Abilities, Weirdness & Mutations

You are resistant to torment.
Your stone body is resilient. (AC +3)
You are immune to poison.
You resist negative energy. (rN+)
You are resistant to electric shocks. (rElec)
You can survive without breathing.
You are immune to petrification.
You are immune to rotting.


Message History

You butcher the dart slug corpse.
p - 2 chunks of flesh Eating one of 2 chunks of flesh.
You eat one of the 2 chunks of flesh.
This raw flesh tastes terrible.
i - 8 sling bullets (gained 1)
i - 9 sling bullets (gained 1)
You see here a club.
You open the door.
There is an open door here.
You open the door.
There is an open door here.
Done exploring.
Done exploring.
Done exploring.
Saving game... please wait.
Welcome back, DrEnzyme the Gargoyle Ice Elementalist.
Press ? for a list of commands and other information.
Quiver which item? (- for none, * to show all) (? for menu, Esc to quit)
Okay, then.
Are you sure you want to abandon this character and quit the game? (Confirm with "yes".)

######## #.....@#
#.####.#
###.####.# ###
#......#.# ##.##
#.#.##.#.#
########## #...##
#.#......#
#...)....# .....#
#........#
#.######.####
#...#####.####.#.#
#.###........
..........# #.#.#
#.>......####


There were no monsters in sight!

Vanquished Creatures
  A dart slug (D:1)
  A leopard gecko (D:1)
  3 bats (D:1)
  4 goblins (D:1)
  3 hobgoblins (D:1)
  2 frilled lizards (D:1)
  7 kobolds (D:1)
  4 rats (D:1)
25 creatures vanquished.

Notes
Turn   | Place    | Note
-------+----------+-------------------------------------------
     0 | D:1      | DrEnzyme the Gargoyle Ice Elementalist began the quest for
                  | the Orb.
     0 | D:1      | Reached XP level 1. HP: 10/10 MP: 3/3
   376 | D:1      | Reached XP level 2. HP: 10/15 MP: 5/5
   714 | D:1      | Reached skill level 1 in Armour
   919 | D:1      | Reached XP level 3. HP: 20/20 MP: 6/6
  1265 | D:1      | Upgraded the game from 0.25-a0-424-g80bd347 to
                  | 0.25-a0-435-g4b9beb1
  1265 | D:1      | Quit the game

Levels and vault maps discovered:
D:1:      scummos_arrival_simple_crosswalls, layout_loops_corners,
          minmay_misc_feat_pillars

Skill      XL: |  1  2 |
---------------+-------+-----
Armour         | 1 |  1.0
Fighting       | |  0.6
Slings         | |  0.6
Dodging        | |  1.5
Stealth        | |  2.5
Spellcasting   | |  2.1
Ice Magic      | |  4.2

Action                   || total
-------------------------++-------
Melee: Dagger            ||    14
 Fire: Hunting sling     ||    34
 Cast: Freeze            ||    14
  Eat: Chunk             ||     1
Armor: Robe              ||     5
Dodge: Dodged            ||    18

Table legend:
 A = Non-vault XP
 B = Vault XP
 C = Vault XP percentage of total XP
 D = Non-vault monster count
 E = Vault monster count
 F = Vault count percentage of total count
                 A         B        C        D         E       F
            +---------+---------+-------+---------+---------+-------
      Total |      38 |       0 |   0.0 |      25 |       0 |   0.0
            +---------+---------+-------+---------+---------+-------
        D:1 |      38 |       0 |   0.0 |      25 |       0 |   0.0
            +---------+---------+-------+---------+---------+-------
